 Dungeon Crawl Stone Soup version 0.19-a0-1007-g133f65f (webtiles) character file.

744 HAL9000 the Ruffian (level 7, -1/52 HPs)
             Began as a Yellow Draconian Transmuter on July 19, 2016.
             Killed by nerve-wracking pain
             ... invoked by a shadow imp
              (8 damage)
             ... on level 5 of the Dungeon.
             The game lasted 00:08:37 (4696 turns).

HAL9000 the Ruffian (Yellow Draconian Transmuter)   Turns: 4696, Time: 00:08:37

Health: -1/52      AC: -6    Str: 14    XL:     7   Next: 47%
Magic:  10/10      EV: 12    Int: 13    God:
Gold:   159        SH:  0    Dex: 15    Spells: 3 memorised, 4 levels left

rFire  . . .     SeeInvis .       - Unarmed
rCold  . . .     Gourm    .     (armour unavailable)
rNeg   . . .     Faith    .     (no shield)
rPois  .         Spirit   .     (helmet restricted)
rElec  .         Dismiss  .     (no cloak)
rCorr  +         Reflect  .     (no gloves)
SustAt .         Harm     .     (no boots)
MR     .....                    B - amulet of rage
Stlth  +.........               (no ring)
                                A - +3 ring of dexterity

@: corroded, not resistant to hostile enchantments, very unstealthy
A: spit acid, acid resistance, unfitting armour, cold-blooded, AC +6
a: Spit Acid, Evoke Berserk Rage


You were on level 5 of the Dungeon.
You were not hungry.

You visited 1 branch of the dungeon, and saw 5 of its levels.

You collected 159 gold pieces.

Inventory:

Missiles
 a - 70 arrows
Jewellery
 A - a +3 ring of dexterity (left hand)
 B - an amulet of rage (around neck)
Scrolls
 d - 3 scrolls of magic mapping {unknown}
 f - 8 scrolls of identify {unknown}
 h - 4 scrolls of remove curse {unknown}
 i - a scroll of amnesia {unknown}
 q - a scroll of fear {unknown}
 r - a scroll of recharging {unknown}
 s - a scroll of noise {unknown}
 x - a scroll of random uselessness {unknown}
 y - 2 scrolls of teleportation {unknown}
 D - a scroll of immolation {unknown}
Potions
 e - a potion of might {unknown}
 g - a potion of lignification {unknown}
 n - a potion of resistance {unknown}
 o - a potion of flight {unknown}
 p - 3 potions of degeneration {unknown}
 t - a potion of invisibility {unknown}
 u - a potion of cure mutation {unknown}
Books
 b - a book of Changes

   Spells                             Type                      Level
   a - Beastly Appendage              Transmutation                1
   b - Sticks to Snakes               Transmutation                2
   c - Spider Form                    Transmutation/Poison         3
   d - Ice Form                       Ice/Transmutation            4
   e - Blade Hands                    Transmutation                5
 E - a book of Fire

   Spells                             Type                      Level
   a - Ignite Poison                  Fire/Transmutation/Poison    3
   b - Fireball                       Conjuration/Fire             5
   c - Bolt of Fire                   Conjuration/Fire             6
   d - Delayed Fireball               Conjuration/Fire             7
   e - Ring of Flames                 Charms/Fire                  7
Comestibles
 c - 4 bread rations
 j - 3 beef jerkies
 l - 2 meat rations
 v - 2 fruits
 w - a slice of pizza
 F - 2 chunks of flesh


   Skills:
 - Level 1.1 Fighting
 - Level 1.7 Dodging
 + Level 6.4 Unarmed Combat
 - Level 2.0 Spellcasting
 + Level 6.3 Transmutations


You had 4 spell levels left.
You knew the following spells:

 Your Spells              Type           Power        Failure   Level  Hunger
a - Beastly Appendage     Tmut           ###...       1%          1    ##.....
b - Sticks to Snakes      Tmut           ###.....     3%          2    ###....
c - Spider Form           Tmut/Pois      #.........   21%         3    ####...


Dungeon Overview and Level Annotations

Branches:
Dungeon (5/15)
 Temple: D:4-7

Altars:
Cheibriados


Innate Abilities, Weirdness & Mutations

You can spit globs of acid.
You are resistant to acid.
Your golden yellow scales are hard. (AC +6)
Your body does not fit into most forms of armour.
You are cold-blooded and may be slowed by cold attacks.


Message History

You hit the shadow imp.
The shadow imp is moderately wounded.
The shadow imp hits you.
* * * LOW HITPOINT WARNING * * *
You hit the shadow imp but do no damage.
The shadow imp is moderately wounded.
The shadow imp hits you.
* * * LOW HITPOINT WARNING * * *
You hit the shadow imp but do no damage.
You tail-slap the shadow imp, but do no damage.
The shadow imp is moderately wounded.
The shadow imp hits you.
* * * LOW HITPOINT WARNING * * *
Unknown command.
You feel better. The shadow imp hits you.
* * * LOW HITPOINT WARNING * * *
Unknown command.
The shadow imp gestures at you. Pain shoots through your body!
You die...

#.###########.####
#.............##..
#.###########.#...
#.# #.#..# #.#
#....# #.# #.#.##
.......#.# #.#...
.?.....#.# #.####
.......#@#
###...##
.......#.#
#....... .
.....#5#
#.#.##.... ..
...#?# .........
#.###'#.# #.#.....
.##.......# #
#..... ..........#
#.#.).(.
.##.......#
#.#.#.#.#+##
.............
..........>.


You could see a shadow imp.

Vanquished Creatures
  The ghost of p0werm0de the Ruffian, an amateur CeTm (D:4)
  A centaur (D:4)
  A crimson imp (D:5)
  3 orc priests
  A jelly (D:5)
  Jessica (D:2)
  3 orc wizards
  2 worker ants (D:4)
  4 gnolls (D:3)
  5 adders
  2 oozes (D:1)
  An adder skeleton (D:4)
  2 dart slugs
  3 worms
  2 giant geckos (D:1)
  11 orcs
  6 giant cockroaches
  5 goblins
  12 hobgoblins
  10 jackals
  10 kobolds
  2 quokkas
  6 bats
  8 giant newts
  A quokka skeleton (D:4)
  8 rats
111 creatures vanquished.

Vanquished Creatures (collateral kills)
  A hound (D:4)
  An orc priest (D:4)
  An adder (D:4)
3 creatures vanquished.

Grand Total: 114 creatures vanquished

Notes
Turn   | Place    | Note
-------+----------+-------------------------------------------
     0 | D:1      | HAL9000 the Draconian Transmuter began the quest for the Orb.
     0 | D:1      | Reached XP level 1. HP: 16/16 MP: 3/3
    88 | D:1      | Reached XP level 2. HP: 16/23 MP: 3/5
   100 | D:1      | Learned a level 2 spell: Sticks to Snakes
   473 | D:1      | Reached XP level 3. HP: 24/28 MP: 4/6
  1294 | D:2      | Reached XP level 4. HP: 35/35 MP: 5/7
  1362 | D:2      | Noticed Jessica
  1377 | D:2      | Killed Jessica
  1607 | D:2      | Found a snail-covered altar of Cheibriados.
  1817 | D:3      | Learned a level 3 spell: Spider Form
  1830 | D:3      | Reached XP level 5. HP: 9/40 MP: 1/8
  3066 | D:4      | Noticed p0werm0de's ghost (amateur CeTm)
  3080 | D:4      | Killed p0werm0de's ghost
  3080 | D:4      | Reached skill level 5 in Unarmed Combat
  3080 | D:4      | Reached XP level 6. HP: 46/47 MP: 2/9
  3095 | D:4      | Reached skill level 5 in Transmutations
  3916 | D:4      | Your scales start taking on a golden yellow colour.
  3916 | D:4      | Reached XP level 7. HP: 8/52 MP: 1/10
  4445 | D:5      | Entered Level 5 of the Dungeon
  4693 | D:5      | HP: 1/52 [shadow imp (4)]
  4696 | D:5      | Killed from afar by a shadow imp

Vault maps used:
D:1:      sevenhm_arrival_forest_fort_small_3
D:2:      cheibriados_altar_1, uniq_jessica
D:3:      first_bread
D:4:      kennysheep_small_circle
D:5:      grunt_temple_overflow_open, serial_shops, nicolae_shop_waterfront,
          kennysheep_generic_room_7

Skill      XL: |  1  2  3  4  5  6  7 |
---------------+----------------------+-----
Transmutations | 3 4 5 6 |  6.3
Unarmed Combat | 4 5 6 |  6.4
Fighting       | |  1.1
Dodging        | |  1.7
Spellcasting   | |  2.0

Action                   |  1- 3 |  4- 6 |  7- 9 || total
-------------------------+-------+-------+-------++-------
Melee: Unarmed           |   148 |   178 |    61 ||   387
       Headbutt          |    10 |     3 |       ||    13
       Tailslap          |    11 |    18 |     8 ||    37
       Kick              |     7 |     9 |     2 ||    18
       Punch             |     1 |     4 |     1 ||     6
 Cast: Beastly Appendage |    23 |    14 |     3 ||    40
       Sticks to Snakes  |       |    10 |       ||    10
       Spider Form       |       |     5 |     3 ||     8
 Abil: Spit Acid         |       |       |     2 ||     2
  Use: Potion            |       |       |     5 ||     5
 Stab: Sleeping          |     1 |     1 |       ||     2
       Distracted        |       |     1 |       ||     1
  Eat: Chunk             |     2 |     9 |     4 ||    15
       Fruit             |       |     1 |       ||     1
Armor: Skin              |    45 |    32 |    11 ||    88
Dodge: Dodged            |    83 |   100 |    36 ||   219
